 Dungeon Crawl Stone Soup version 0.23-a0-29-g1be82e5 (webtiles) character file.

182 SeniorJSONDeveloper the Ogre Mage (level 5, -3/50 HPs)
             Began as an Ogre Fire Elementalist on Aug 3, 2018.
             Slain by a slave (4 damage)
             ... led by Pikel
             ... on level 4 of the Dungeon.
             The game lasted 00:07:03 (2575 turns).

SeniorJSONDeveloper the Ogre Mage (OgFE)            Turns: 2575, Time: 00:07:03

Health: -3/50      AC:  5    Str: 12    XL:     5   Next: 61%
Magic:  10/10      EV: 10    Int: 17    God:
Gold:   48         SH:  0    Dex:  9    Spells: 0/10 levels left

rFire    . . .     SeeInvis .   e - +0 morningstar
rCold    . . .     Gourm    .   (no shield)
rNeg     . . .     Faith    .   a - +0 robe
rPois    .         Spirit   .   (helmet restricted)
rElec    .         Reflect  .   k - +1 cloak
rCorr    .         Harm     .   (gloves unavailable)
MR       .....                  (boots unavailable)
Stlth    ++........             (no amulet)
HPRegen  0.16/turn              (no ring)
MPRegen  0.12/turn              (no ring)

@: no status effects
A: large, unfitting armour, tough skin 1
a: no special abilities


You were on level 4 of the Dungeon.
You were hungry.

You visited 1 branch of the dungeon, and saw 4 of its levels.

You collected 48 gold pieces.

Inventory:

Hand Weapons
 e - a +0 morningstar (weapon)
 h - a +0 whip
Armour
 a - a +0 robe (worn)
 d - a +0 shield
 k - a +1 cloak (worn)
Potions
 f - a potion of heal wounds {unknown}
 g - a potion of brilliance {unknown}
 i - a potion of haste {unknown}
 j - a potion of might {unknown}
 l - 2 potions of curing
 n - a potion of magic {unknown}
Comestibles
 c - 2 rations


   Skills:
 + Level 2.4 Fighting
 + Level 0.9 Maces & Flails
 + Level 2.4 Dodging
 + Level 2.1 Stealth
 + Level 3.4 Spellcasting
 + Level 1.9 Conjurations
 + Level 3.2 Fire Magic


You couldn't memorise any spells.
You knew the following spells:

 Your Spells              Type           Power        Failure   Level  Hunger
a - Flame Tongue          Conj/Fire      ##...        6%          1    None
b - Sticky Flame          Conj/Fire      ##......     50%         4    ####...
c - Fireball              Conj/Fire      ##........   85%         5    ######.

Your spell library contained the following spells:

 Spells                   Type           Power        Failure   Level  Hunger
 Conjure Flame            Conj/Fire      ##......     17%         3    ###....
 Throw Flame              Conj/Fire      ##....       9%          2    ##.....
 Inner Flame              Hex/Fire       #.......     26%         3    ###....


Dungeon Overview and Level Annotations

Branches:
Dungeon (4/15)
 Temple: D:4-7

Altars:
Elyvilon
Kikubaaqudgha
Nemelex Xobeh
Xom
Zin

Annotations:
D:4 Pikel


Innate Abilities, Weirdness & Mutations

You are too large for most types of armour.
You have tough skin. (AC +1)


Message History

* * * LOW HITPOINT WARNING * * *
There is a stone staircase leading down, spattered with blood here.
Magic restored.
Something hits you but does no damage.
You climb downwards.
There is a stone staircase leading up here.
An orc and a slave come into view.
The slave shouts!
The orc shouts!
You hear a shout!
Found a stone staircase leading down.
You miss something. Something hits you.
* * * LOW HITPOINT WARNING * * *
Something shocks you.
* * * LOW HITPOINT WARNING * * *
A slave comes into view. x2
Pikel the Slaver comes into view.
He is wielding a whip of flaming.
You closely miss the slave.
The slave shouts!
A sky beast appears from thin air!
Reactivating autopickup.
The sky beast misses you. The slave hits you.
You die...

##... .... #. ...
#.. #.. #..> ##..
#..# ####...##
#..#
.......<###..#
.######.Y....####
###@......#
#p.......
po.###### .K..#
p....# .......
........
..........


You could see Pikel, a sky beast, 3 slaves and an orc.

Vanquished Creatures
  An orc wizard (D:3)
  Robin (D:3)
  4 adders
  An ooze (D:1)
  2 worms (D:2)
  2 dart slugs
  2 leopard geckos
  7 orcs (D:3)
  10 bats
  3 giant cockroaches
  13 goblins
  12 hobgoblins
  4 jackals (D:1)
  4 kobolds
  2 quokkas (D:2)
  3 ball pythons
  3 frilled lizards
  7 rats
81 creatures vanquished.

Notes
Turn   | Place    | Note
-------+----------+-------------------------------------------
     0 | D:1      | SeniorJSONDeveloper the Ogre Fire Elementalist began the quest for the Orb.
     0 | D:1      | Reached XP level 1. HP: 16/16 MP: 3/3
   201 | D:1      | Reached skill level 1 in Conjurations
   284 | D:1      | Reached XP level 2. HP: 21/26 MP: 3/5
   465 | D:1      | Reached skill level 1 in Fighting
   524 | D:1      | Reached XP level 3. HP: 33/33 MP: 2/7
  1368 | D:2      | Found a white marble altar of Elyvilon.
  1525 | D:2      | Found a glowing silver altar of Zin.
  1539 | D:2      | Found an ancient bone altar of Kikubaaqudgha.
  1542 | D:2      | Reached XP level 4. HP: 42/42 MP: 4/8
  1633 | D:2      | Found a sparkling altar of Nemelex Xobeh.
  2008 | D:2      | Found a shimmering altar of Xom.
  2087 | D:3      | Reached XP level 5. HP: 49/49 MP: 5/9
  2161 | D:3      | Noticed a sky beast
  2168 | D:3      | Learned a level 4 spell: Sticky Flame
  2174 | D:3      | Learned a level 5 spell: Fireball
  2250 | D:3      | Noticed Robin
  2283 | D:3      | Killed Robin
  2293 | D:3      | HP: 2/50 [rat (2)]
  2573 | D:4      | Noticed a slave
  2574 | D:4      | HP: 1/50 [something (6)]
  2574 | D:4      | Noticed a slave
  2574 | D:4      | Noticed a slave
  2574 | D:4      | Noticed Pikel
  2575 | D:4      | Slain by a slave

Vault maps used:
D:1:      tarquinn_simple_flora_water_b, due_unseen_surprise
D:2:      nicolae_overflow_quartered_altars, elyvilon_altar_4
D:3:      gup_sewer_entry_bowl, uniq_robin
D:4:      serial_column_ruins, column_ruins_open_tiny, column_ruins_grid_1,
          column_ruins_corridor_water, minmay_misc_feat_plants, uniq_pikel

Skill      XL: |  1  2  3  4 |
---------------+-------------+-----
Conjurations   | 1 |  1.9
Dodging        | 2 |  2.4
Fighting       | 1 2 |  2.4
Fire Magic     | 3 |  3.2
Spellcasting   | 3 |  3.4
Stealth        | 2 |  2.1
Maces & Flails | |  0.9

Action                   |  1- 3 |  4- 6 || total
-------------------------+-------+-------++-------
Melee: Unarmed           |    25 |       ||    25
       Whip              |     8 |    12 ||    20
       Morningstar       |       |    46 ||    46
 Cast: Flame Tongue      |    73 |    56 ||   129
  Use: Scroll            |       |     6 ||     6
 Stab: Sleeping          |     2 |       ||     2
  Eat: Chunk             |     2 |     3 ||     5
Armor: Robe              |    17 |    50 ||    67
Dodge: Dodged            |    45 |    92 ||   137

Table legend:
 A = Spawn XP
 B = Non-spawn XP
 C = Spawn XP percentage of total XP
 D = Spawn monster count
 E = Non-spawn monster count
 F = Spawn count percentage of total count
 G = Total turns spent on level
                    A         B        C        D         E        F      G
               +---------+---------+-------+---------+---------+-------+---------
         Total |       0 |     260 |   0.0 |       0 |      81 |   0.0 |  2575
               +---------+---------+-------+---------+---------+-------+---------
           D:1 |       0 |      56 |   0.0 |       0 |      30 |   0.0 |  1064
           D:2 |       0 |      83 |   0.0 |       0 |      24 |   0.0 |   993
           D:3 |       0 |     121 |   0.0 |       0 |      27 |   0.0 |   514
               +---------+---------+-------+---------+---------+-------+---------
